 Dungeon Crawl Stone Soup version 0.29-a0-517-gbdf32494f2 (webtiles) character file.

Game seed: 4893757525193014011

546 hquester the Schismatic (level 7, -4/55 HPs)
             Began as a Demonspawn Abyssal Knight on May 30, 2022.
             Was an Elder of Lugonu.
             Slain by a gnoll
             ... wielding a +0 halberd
              (8 damage)
             ... on level 4 of the Dungeon.
             The game lasted 00:11:40 (4993 turns).

hquester the Schismatic (Demonspawn Abyssal Knight) Turns: 4993, Time: 00:11:41

Health: -4/55      AC:  5    Str: 12 (13) XL:     7   Next: 6%
Magic:  10/10      EV: 12    Int:  9 (11) God:    Lugonu [****..]
Gold:   187        SH:  0    Dex: 14 (16) Spells: 6/6 levels left

rFire   . . .      SeeInvis +   a - +1 mace
rCold   . . .      Faith    .   (no shield)
rNeg    . . .      Spirit   .   b - +0 leather armour
rPois   .          Reflect  .   (no helmet)
rElec   .          Harm     .   (no cloak)
rCorr   .          Rampage  .   (no gloves)
Will    .....                   (no boots)
Stlth   +.........              (no amulet)
HPRegen 0.18/turn               d - ring of see invisible
MPRegen 0.12/turn               (no ring)

@: no status effects
A: icy blue scales 1, demonic guardian 1
a: Renounce Religion, Depart the Abyss, Bend Space, Banish, Corrupt


You were on level 4 of the Dungeon.
You worshipped Lugonu.
Lugonu was greatly pleased with you.
You visited 1 branch of the dungeon, and saw 4 of its levels.
You visited the Abyss 1 time.
You also visited: Sewer.

You collected 187 gold pieces.

Inventory:

Hand Weapons
 a - a +1 mace (weapon)
Armour
 b - a +0 leather armour (worn)
Jewellery
 d - a ring of see invisible (left hand)
 o - a ring of ice
Wands
 l - a wand of paralysis (7)
Scrolls
 f - a scroll of blinking {unknown}
 h - a scroll of noise {unknown}
 i - a scroll of magic mapping {unknown}
 j - a scroll of enchant armour {unknown}
 k - 2 scrolls of teleportation {unknown}
 m - a scroll of acquirement {unknown}
 n - a scroll of amnesia
 q - a scroll of enchant weapon {unknown}
 r - 4 scrolls of poison {unknown}
Potions
 c - 2 potions of haste
 g - 2 potions of brilliance
 p - 2 potions of berserk rage
 s - a potion of curing
 t - a potion of flight


   Skills:
 + Level 4.4 Fighting
 + Level 3.4 Maces & Flails
 + Level 3.4 Armour
 + Level 3.0 Dodging
 + Level 5.0 Invocations


You had 6 spell levels left.
You didn't know any spells.
Your spell library contained the following spells:

 Spells                   Type           Power      Damage    Failure   Level
 Necrotize                Necr           0%         1d4       45%         1
 Vampiric Draining        Necr           0%         2d6       83%         3
 Agony                    Necr           0%         N/A       100%        5


Dungeon Overview and Level Annotations

Branches:
Dungeon (4/15)              Sewer (visited)
 Temple: D:4-7

Altars:
Ashenzari

Annotations:
D:4 2 runed translucent doors


Innate Abilities, Weirdness & Mutations

You are partially covered in icy blue scales. (AC +2)
A weak demonic guardian rushes to your aid.


Message History

The hobgoblin hits you but does no damage.
The hobgoblin closely misses you. The ball python bites you.
The ball python constricts you.
You thump the hobgoblin!
You kill the hobgoblin!
Lugonu accepts your kill. The ball python barely misses you.
The ball python constricts you. The gnoll barely misses you.
The hobgoblin hits you.
You escape the ball python's grasp.
You hit the hobgoblin.
The hobgoblin is almost dead.
The hobgoblin hits you but does no damage.
You hit the hobgoblin.
You kill the hobgoblin!
Lugonu accepts your kill.
You closely miss the ball python. The ball python closely misses you. x2
The gnoll closely misses you. The ball python barely misses you. x2
The gnoll hits you from afar with a +0 halberd!
You barely miss the ball python. The ball python closely misses you. x2
The gnoll barely misses you.
You hit the ball python but do no damage.
The ball python bites you but does no damage.
The ball python grabs you. The ball python constricts you.
The gnoll hits you from afar with a +0 halberd!
The ball python closely misses you. The ball python constricts you.
You hit the ball python.
You kill the ball python!
Lugonu accepts your kill.
The gnoll hits you from afar with a +0 halberd!
* * * LOW HITPOINT WARNING * * *
Your Dodging skill increases to level 3!
The gnoll misses you.
You see here a hobgoblin corpse.
You hit the gnoll but do no damage. The gnoll hits you with a +0 halberd!
* * * LOW HITPOINT WARNING * * *
A demonic guardian appears!
You hit the gnoll.
The gnoll is moderately wounded.
The gnoll barely misses you. The gnoll hits you with a +0 halberd!
You die...

#...........######.
#...)..............
###...........####...
#.............#....#.
#........####.####.
#...##.##..# #.####.
#. ##.5.##.# #....#.
#..#..#.# ####.##
#@#!#.#.#######.##
#...g.#..............
#..#.#)#.#..#########
#..#..#..#..# #. #.
##. .## .# #. ## #. #
# ## . #. ### #..


You could see a gnoll (ally target) and a friendly iron imp (summoned).

Vanquished Creatures
  Sigmund (D:2)
  A scorpion (D:4)
  An orc priest (D:3)
  An iguana (D:4)
  4 adders
  A river rat (D:3)
  An ufetubus (D:4)
  5 dart slugs
  2 orcs (D:4)
  11 ball pythons
  10 bats
  4 endoplasms
  A giant cockroach (D:3)
  5 goblins
  8 hobgoblins
  2 jackals (D:1)
  8 kobolds
  4 quokkas (D:3)
  2 frilled lizards
  5 rats
77 creatures vanquished.

Vanquished Creatures (collateral kills)
  Pargi (Sewer)
  An adder (D:2)
  A worm (D:3)
  A dart slug (D:1)
  5 orcs (D:3)
  A hobgoblin (D:1)
  2 bats (Sewer)
  2 rats (D:1)
14 creatures vanquished.

Grand Total: 91 creatures vanquished

Notes
Turn   | Place    | Note
-------+----------+-------------------------------------------
     0 | Abyss:1  | hquester the Demonspawn Abyssal Knight began the quest for
                  | the Orb.
     0 | Abyss:1  | Reached XP level 1. HP: 18/18 MP: 2/2
    10 | D:1      | Escaped the Abyss
    39 | D:1      | Reached skill level 1 in Dodging
   255 | D:1      | Gained mutation: A weak demonic guardian rushes to your
                  | aid. [demonic ancestry]
   255 | D:1      | Reached XP level 2. HP: 22/24 MP: 4/4
   312 | D:1      | Found a faded altar of an unknown god.
  1221 | D:2      | Reached skill level 3 in Invocations
  1221 | D:2      | Reached XP level 3. HP: 24/29 MP: 5/5
  1393 | D:2      | Reached *** piety under Lugonu
  1969 | D:2      | Reached XP level 4. HP: 11/35 MP: 6/6
  2516 | D:2      | Noticed Sigmund
  2542 | D:2      | Killed Sigmund
  2543 | D:2      | Reached skill level 4 in Invocations
  2543 | D:2      | Gained mutation: You are partially covered in icy blue
                  | scales. (AC +2) [demonic ancestry]
  2543 | D:2      | Reached XP level 5. HP: 24/42 MP: 6/8
  3178 | D:3      | Reached XP level 6. HP: 3/48 MP: 9/9
  3205 | D:3      | HP: 1/48 [orc/+0 club (4)]
  3355 | D:3      | Found a glowing drain.
  3359 | Sewer    | Entered a sewer
  3377 | Sewer    | Reached **** piety under Lugonu
  3405 | Sewer    | Noticed Pargi
  3435 | Sewer    | Killed Pargi
  3959 | D:3      | Found a broken altar of Ashenzari.
  4359 | D:4      | Found a large runed translucent door.
  4359 | D:4      | Found a large runed translucent door.
  4655 | D:4      | Reached XP level 7. HP: 18/55 MP: 10/10
  4971 | D:4      | Reached skill level 5 in Invocations
  4993 | D:4      | Slain by a gnoll

Illustrated notes

Levels and vault maps discovered:
D:1:      heliophobic_arrival_battle_scene, layout_basic,
          nicolae_ecumenical_snake_handling, palyth_stone_intersect
D:2:      layout_loops_corners, uniq_sigmund
D:3:      layout_basic, lemuel_tele_altar, gup_sewer_entry_spiral
D:4:      layout_basic, jmf_multi_god_temple2, minmay_temple_entry_waves,
          minmay_box_of_dots, uniq_blork_the_orc

Skill      XL: |  1  2  3  4  5  6  7 |
---------------+----------------------+-----
Dodging        | 1 2 3 |  3.0
Maces & Flails | 2 3 |  3.4
Armour         | 2 3 |  3.4
Invocations    | 3 4 5 |  5.0
Fighting       | 4 |  4.4

Action                   |  1- 3 |  4- 6 |  7- 9 || total
-------------------------+-------+-------+-------++-------
Melee: Mace              |    92 |   182 |    13 ||   287
       Punch             |       |     1 |       ||     1
  Use: Potion            |       |     4 |       ||     4
       Scroll            |       |     3 |       ||     3
 Stab: Sleeping          |       |     1 |       ||     1
Armor: Leather armour    |    27 |    83 |     4 ||   114
Dodge: Dodged            |    66 |   196 |    22 ||   284

Table legend: (Time is in decaauts)
 A = Elapsed time spent in this place.
 B = Non-inter-level travel time spent in this place.
 C = Inter-level travel time spent in this place.
 D = Time resting spent in this place.
 E = Time spent auto-exploring this place.
 F = Levels seen in this place.
 G = Mean time per level.
                   A        B        C        D        E       F      G
               +--------+--------+--------+--------+--------+-----+--------+
         Total |   5105 |   5030 |     75 |    570 |   3340 |   6 |  850.8 |
       Dungeon |   4678 |   4603 |     75 |    310 |   3277 |   4 | 1169.5 |
         Abyss |     10 |     10 |      0 |      0 |      6 |   1 |   10.0 |
         Sewer |    417 |    417 |      0 |    260 |     57 |   1 |  417.0 |
               +--------+--------+--------+--------+--------+-----+--------+

Top non-repeatable levels by time:
     D:2: 1628 daAuts
     D:1: 1201 daAuts
     D:3: 1081 daAuts
     D:4: 767 daAuts
   Sewer: 417 daAuts
 Abyss:1: 10 daAuts
